 Dungeon Crawl Stone Soup version 0.31-a0-221-gbddc013574 (webtiles) character file.

Game seed: 10216011447668702933

30889 Midn8 the Fighter (level 13, -3/97 HPs)
             Began as an Octopode Reaver on July 4, 2023.
             Was an Elder of Sif Muna.
             Slain by a seven-headed hydra (9 damage)
             ... on level 4 of the Lair of Beasts on July 5, 2023.
             The game lasted 01:05:57 (19691 turns).

Midn8 the Fighter (Octopode Reaver)                Turns: 19691, Time: 01:05:57

Health: -3/97      AC:  7    Str: 18    XL:     13   Next: 54%
Magic:  12/29      EV: 17    Int: 20    God:    Sif Muna [****..]
Gold:   1067       SH:  0    Dex: 16    Spells: 10/22 levels left

rFire   . . .        b - staff of earth
rCold   . . .        (no shield)
rNeg    . . .        e - +2 hat
rPois   .            l - amulet of faith
rElec   .            g - ring of magical power
rCorr   .            d - +4 ring of protection
SInv    .            n - +6 ring of strength
Will    .....        L - +6 ring of dexterity
Stlth   +++          (no ring)
HPRegen 0.36/turn    (no ring)
MPRegen 0.21/turn    (no ring)
                     (no ring)

%: faith
@: very slightly contaminated
A: almost no armour, amphibious, 8 rings, camouflage 1, gelatinous body 1,
(nimble swimmer 1), tentacles
a: Renounce Religion, Channel Magic, Forget Spell, Divine Exegesis


You were on level 4 of the Lair of Beasts.
You worshipped Sif Muna.
Sif Muna was greatly pleased with you.
You visited 2 branches of the dungeon, and saw 14 of its levels.
You also visited: Ossuary and Bailey.

You collected 1154 gold pieces.
You spent 87 gold pieces at shops.

Inventory:

Hand Weapons
 a - a +1 rapier of venom
 j - a +0 quarterstaff
 q - a +0 long sword
 x - a +1 falchion
 G - a +0 longbow
Missiles
 i - 38 poisoned darts (quivered)
 s - 11 boomerangs
 t - 4 javelins
 C - 7 curare-tipped darts
Armour
 e - a +2 hat (worn)
Magical Staves
 b - a staff of earth (weapon)
 B - a staff of cold
Jewellery
 d - a +4 ring of protection (right tentacle)
 g - a ring of magical power (left tentacle)
 l - an amulet of faith (around mantle)
 n - a +6 ring of strength (on tentacle)
 L - a +6 ring of dexterity (on tentacle)
Wands
 c - a wand of iceblast (26)
 h - a wand of digging (7)
 m - a wand of flame (37)
 z - a wand of quicksilver (22)
Scrolls
 k - 3 scrolls of enchant weapon
 p - 3 scrolls of fear
 w - 2 scrolls of teleportation
 A - a scroll of revelation
 E - a scroll of fog
 F - a scroll of brand weapon
 H - a scroll of summoning
 K - a scroll of vulnerability {unknown}
 M - 2 scrolls of amnesia
Potions
 f - a potion of invisibility
 o - 2 potions of enlightenment
 r - 5 potions of might
 u - 5 potions of haste
 v - 6 potions of curing
 y - a potion of brilliance
 D - 3 potions of mutation
 I - a potion of resistance
 J - a potion of magic {unknown}
 N - a potion of ambrosia {unknown}


   Skills:
 - Level 12.0 Fighting
 - Level 9.2(10.0) Short Blades
 - Level 5.6(8.2) Long Blades
 + Level 8.4 Dodging
 - Level 2.0 Stealth
 - Level 5.0 Spellcasting
 - Level 7.0 Conjurations
 - Level 2.0 Translocations
 - Level 5.0 Ice Magic
 - Level 7.0 Earth Magic
 - Level 8.0 Invocations
 - Level 4.0 Evocations


You had 10 spell levels left.
You knew the following spells:

 Your Spells              Type           Power      Damage    Failure   Level
a - Kiss of Death         Conj/Necr      76%        2d11      2%          1
b - Momentum Strike       Conj/Tloc      46%        3d9       2%          2
d - Mephitic Cloud        Conj/Pois/Air  14%        N/A       14%         3
h - Hailstorm             Conj/Ice       29%        3d8       3%          3
s - Stone Arrow           Conj/Erth      98%        3d13      1%          3

Your spell library contained the following spells:

 Spells                   Type           Power      Damage    Failure   Level
 Magic Dart               Conj           100%       1d8       1%          1
 Sandblast                Erth           98%        2d20      1%          1
 Passwall                 Tmut/Erth      23%        N/A       4%          2
 Static Discharge         Conj/Air       38%        2-4/arc   4%          2
 Blink                    Tloc           26%        N/A       8%          2
 Vhi's Electric Charge    Tloc/Air       18%        N/A       22%         3
 Sticky Flame             Conj/Fire      19%        2d4       26%         4
 Inner Flame              Hex/Fire       5%         N/A       34%         3
 Swiftness                Air            5%         N/A       34%         3
 Manifold Assault         Tloc           13%        N/A       45%         4
 Freezing Cloud           Conj/Ice/Air   10%        6-21      52%         5
 Arcjolt                  Conj/Air       9%         1d19      58%         5
 Airstrike                Air            2%         2d(1-17)  75%         4
 Animate Dead             Necr           5%         N/A       75%         4
 Summon Lightning Spire   Summ/Air       5%         N/A       75%         4
 Haunt                    Necr/Summ      2%         N/A       100%        7
 Storm Form               Tmut/Air       2%         N/A       100%        7
 Infestation              Necr           2%         N/A       100%        8
 Maxwell's Capacitive Co  Air            2%         ∞         100%        8


Dungeon Overview and Level Annotations

Branches:
Dungeon (10/15)            Temple (0/1) D:5            Lair (4/5) D:8
 Shoals (0/4) Lair:3        Snake (0/4) Lair:3      Ossuary (visited)
 Bailey (visited)
  Slime: Lair:4-5       Orc: D:9-12

Altars:
Ashenzari
Cheibriados
Dithmenos
Hepliaklqana
Makhleb
Ru
Sif Muna
Trog
Vehumet
Xom
The Shining One

Shops:
D:1 [   D:2 *   D:4 [   D:5 [   D:8 *

Annotations:
D:8 exclusions: centaur warrior, gnoll, 2 orcs, orc priest and 10 more exclusions
D:9 giant vault with monsters here, clear after lair, 4 exclusions


Innate Abilities, Weirdness & Mutations

You cannot wear most types of armour.
You are amphibious.
You can wear up to eight rings at the same time.
Your skin changes colour to match your surroundings (Stealth+).
Your rubbery body absorbs attacks. (AC +1, EV +1)
((You are camouflaged when in or above water. (Stealth+)))
You have tentacles for arms and can constrict up to eight enemies at once.


Message History

Press: ? - help, Shift-Dir - straight line, f/p - seven-headed hydra
Aim: a seven-headed hydra (severely wounded, 92% to hit)
You feel a surge of power!
The stone arrow hits the seven-headed hydra!!
The seven-headed hydra is almost dead.
The seven-headed hydra bites you but does no damage.
The seven-headed hydra misses you. The seven-headed hydra bites you!
The seven-headed hydra completely misses you.
The seven-headed hydra bites you! x2; The seven-headed hydra bites you.
Casting: Stone Arrow (safe; 1% risk of failure)
Confirm with . or Enter, or press ? or * to list all spells.
Aiming: Stone Arrow (safe; 1% risk of failure)
Press: ? - help, Shift-Dir - straight line, f/p - seven-headed hydra
Aim: a seven-headed hydra (almost dead, 92% to hit)
You feel a surge of power!
You miscast Stone Arrow.
You are very lightly contaminated with residual magic.
Nothing appears to happen.
The seven-headed hydra bites you! x2
The seven-headed hydra bites you.
The seven-headed hydra closely misses you.
The seven-headed hydra bites you. The seven-headed hydra bites you!
* * * LOW HITPOINT WARNING * * *
The seven-headed hydra misses you.
Unknown command.
Casting: Stone Arrow (safe; 1% risk of failure)
Confirm with . or Enter, or press ? or * to list all spells.
Aiming: Stone Arrow (safe; 1% risk of failure)
Press: ? - help, Shift-Dir - straight line, f/p - seven-headed hydra
Aim: a seven-headed hydra (almost dead, 92% to hit)
You feel a surge of power!
The stone arrow misses the seven-headed hydra.
The seven-headed hydra bites you.
* * * LOW HITPOINT WARNING * * *
The seven-headed hydra barely misses you.
The seven-headed hydra bites you!
* * * LOW HITPOINT WARNING * * *
The seven-headed hydra barely misses you.
The seven-headed hydra bites you.
* * * LOW HITPOINT WARNING * * *
The seven-headed hydra bites you!
You die...

#.....# #.. #.....###<.
P ######......##.. #.
#..............[ #P.
#...##.....#.... ##..
##.####......#.# .....
####.###........#
......##.#..#...........
......D@................
..................).....
........................
........#.#####P........
........##. ##........
.......## .. #........
....... ... #....##..
....... ..). .....# ##
+......


You could see a seven-headed hydra.

Vanquished Creatures
  2 vault guards (Bailey)
  A boulder beetle (Lair:1)
  Sonja (Lair:1)
  Nergalle (Lair:1)
  Pikel (D:5)
  A deep elf pyromancer (D:9)
  A manticore (D:9)
  11 elephants
  3 black mambas
  8 cane toads
  A rime drake (Lair:1)
  6 komodo dragons
  2 polar bears (Lair:3)
  A troll (D:9)
  Prince Ribbit (Bailey)
  10 blink frogs
  A snapping turtle (Lair:3)
  A shadow (D:9)
  Sigmund (D:5)
  8 humans (Bailey)
  2 wyverns
  Eustachio (D:5)
  45 yaks
  2 vampire mosquitoes (D:10)
  Grum (Lair:1)
  A steam dragon (D:7)
  Edmund (D:5)
  A naga (Lair:3)
  4 acid dragons
  7 water moccasins
  An ice beast (D:5)
  A sky beast (D:6)
  3 orc warriors
  2 ogres
  3 wolves (Lair:1)
  4 centaurs
  A phantom (D:5)
  6 kobold brigands
  Blork the orc (D:6)
  23 bullfrogs
  2 scorpions (D:5)
  8 wights
  2 howler monkeys
  An electric eel (Lair:3)
  7 jellies
  An orc priest (D:6)
  A gnoll bouda (D:6)
  6 hounds
  Ijyb (D:3)
  4 iguanas
  9 orc wizards
  8 mummies (Ossuary)
  2 gnolls
  15 adders
  A shadow imp (D:7)
  2 white imps
  4 ufetubi
  3 worms
  4 dart slugs
  25 orcs
  7 ball pythons
  9 endoplasms
  2 gnoll zombies (Ossuary)
  10 goblins
  9 hobgoblins
  4 jackals (D:2)
  17 kobolds
  3 quokkas
  12 bats
  4 frilled lizards
  A hobgoblin zombie (Ossuary)
  4 kobold zombies (Ossuary)
  An orc zombie (Ossuary)
  2 rats
363 creatures vanquished.

Vanquished Creatures (others)
  An orc priest (D:5)
1 creature vanquished.

Grand Total: 364 creatures vanquished

Notes
Turn   | Place    | Note
-------+----------+-------------------------------------------
     0 | D:1      | Midn8 the Octopode Reaver began the quest for the Orb.
     0 | D:1      | Reached XP level 1. HP: 14/14 MP: 3/3
    73 | D:1      | Reached skill level 1 in Stealth
   180 | D:1      | Reached XP level 2. HP: 17/19 MP: 5/5
   183 | D:1      | Learned a level 2 spell: Momentum Strike
   184 | D:1      | Found Kehais's Armour Emporium.
   280 | D:1      | Reached skill level 1 in Translocations
   563 | D:1      | Reached XP level 3. HP: 24/24 MP: 6/6
  1202 | D:2      | Found a faded altar of an unknown god.
  1269 | D:2      | Reached XP level 4. HP: 29/29 MP: 4/7
  1330 | D:2      | Identified the +14 plate armour "Sudisheh" {rElec Dex+2}
  1457 | D:2      | Learned a level 3 spell: Hailstorm
  1961 | D:2      | Found Nufiumm's Assorted Antiques.
  1966 | D:2      | Bought a scroll labelled JICO TI UDEOTZ for 29 gold pieces
  1966 | D:2      | Bought a scroll labelled EHOHEC ENAEDEKH for 29 gold pieces
  1966 | D:2      | Bought a scroll labelled AFASHU JUTOLIO for 29 gold pieces
  2275 | D:3      | Found a shimmering blue altar of Sif Muna.
  2283 | D:3      | Became a worshipper of Sif Muna the Loreminder
  2367 | D:3      | Found a snail-covered altar of Cheibriados.
  2411 | D:3      | Noticed Ijyb
  2420 | D:3      | Killed Ijyb
  2421 | D:3      | Reached XP level 5. HP: 33/34 MP: 8/8
  2557 | D:3      | Found a sacrificial altar of Ru.
  2573 | D:3      | Reached skill level 1 in Ice Magic
  3627 | D:4      | Reached XP level 6. HP: 39/39 MP: 9/9
  4043 | D:4      | Found Uruist's Antique Armour Shop.
  4056 | D:4      | Reached * piety under Sif Muna
  4260 | D:4      | Reached skill level 3 in Fighting
  4463 | D:5      | Entered Level 5 of the Dungeon
  4466 | D:5      | Identified a scroll of acquirement
  4466 | D:5      | Acquired an amulet of faith
  4532 | D:5      | Noticed Eustachio
  4543 | D:5      | Reached XP level 7. HP: 46/46 MP: 10/10
  4613 | D:5      | Reached skill level 4 in Fighting
  4630 | D:5      | Found a staircase to the Ecumenical Temple.
  4669 | D:5      | Found Peap's Antique Armour Shop.
  4684 | D:5      | Found a sand-covered staircase.
  4689 | Ossuary  | Entered an ossuary
  4825 | Ossuary  | Reached ** piety under Sif Muna
  5497 | D:5      | Killed Eustachio
  5498 | D:5      | Reached skill level 5 in Long Blades
  5514 | D:5      | Reached XP level 8. HP: 54/54 MP: 12/12
  5770 | D:5      | Reached skill level 1 in Short Blades
  5823 | D:5      | Noticed Sigmund
  5837 | D:5      | Killed Sigmund
  6102 | D:5      | Found a broken altar of Ashenzari.
  6103 | D:5      | Found a shimmering altar of Xom.
  6103 | D:5      | Noticed Pikel
  6117 | D:5      | Killed Pikel
  6118 | D:5      | Reached XP level 9. HP: 58/58 MP: 13/13
  6435 | D:6      | Noticed Blork the orc
  6497 | D:6      | Noticed Edmund
  6500 | D:6      | Killed Blork the orc
  6511 | D:5      | Killed Edmund
  6618 | D:6      | Found a hazy altar of Hepliaklqana.
  6665 | D:6      | Found a glowing golden altar of the Shining One.
  6676 | D:6      | Reached skill level 5 in Conjurations
  6676 | D:6      | Reached skill level 5 in Short Blades
  6770 | D:6      | Found a bloodstained altar of Trog.
  6886 | D:6      | Reached *** piety under Sif Muna
  7049 | D:6      | Reached skill level 5 in Ice Magic
  7173 | D:6      | Reached skill level 1 in Evocations
  7830 | D:7      | Learned a level 3 spell: Stone Arrow
  7887 | D:7      | Reached skill level 1 in Earth Magic
  8410 | D:7      | Found a radiant altar of Vehumet.
  8700 | D:8      | Reached XP level 10. HP: 63/63 MP: 13/14
  8926 | D:8      | Noticed a centaur warrior
  9109 | D:8      | Found Xikkiox's Neck Hole.
  9190 | D:8      | Reached skill level 5 in Earth Magic
  9299 | D:8      | Found a burning altar of Makhleb.
  9301 | D:8      | Noticed a cacodemon
  9445 | D:8      | Found a staircase to the Lair.
  9772 | D:9      | Noticed a boulder beetle
  9803 | D:9      | Noticed a manticore
  9819 | D:9      | Killed a manticore
 10162 | D:9      | Noticed a deep elf pyromancer
 10167 | D:9      | Killed a deep elf pyromancer
 10168 | D:9      | Reached skill level 5 in Invocations
 10400 | D:9      | Reached **** piety under Sif Muna
 10677 | D:9      | Found a shadowy altar of Dithmenos.
 11332 | D:10     | Entered Level 10 of the Dungeon
 11694 | D:10     | Found a flagged portal.
 11770 | Bailey   | Entered a bailey
 11778 | Bailey   | Reached XP level 11. HP: 60/69 MP: 17/17
 11792 | Bailey   | Reached skill level 5 in Spellcasting
 11977 | Bailey   | Reached skill level 5 in Fighting
 12133 | Bailey   | Noticed Prince Ribbit
 12236 | Bailey   | Killed Prince Ribbit
 12237 | Bailey   | Reached skill level 6 in Fighting
 12291 | Bailey   | Noticed a vault guard
 12316 | Bailey   | Killed a vault guard
 12317 | Bailey   | Reached skill level 5 in Dodging
 12491 | Bailey   | Noticed a vault guard
 12509 | Bailey   | Killed a vault guard
 13057 | Lair:1   | Entered Level 1 of the Lair of Beasts
 13097 | Lair:1   | Noticed a boulder beetle
 13107 | Lair:1   | Killed a boulder beetle
 13258 | Lair:1   | Reached skill level 7 in Fighting
 13335 | Lair:1   | Noticed Grum
 13346 | Lair:1   | Killed Grum
 13346 | Lair:1   | Reached ***** piety under Sif Muna
 13714 | Lair:1   | Reached skill level 8 in Fighting
 13789 | Lair:1   | Noticed Nergalle
 13800 | Lair:1   | Noticed a spectral orc warlord
 13800 | Lair:1   | Killed Nergalle
 13801 | Lair:1   | Reached XP level 12. HP: 23/82 MP: 5/19
 14132 | Lair:1   | Noticed Sonja
 14135 | Lair:1   | Killed Sonja
 14163 | Lair:1   | Reached skill level 9 in Fighting
 14165 | Lair:1   | Received a gift from Sif Muna
 14201 | Lair:1   | Reached skill level 10 in Fighting
 14322 | Lair:1   | Got Sif Muna's Compilation of Assaults {god gift}
 15707 | Lair:2   | Learned a level 3 spell: Mephitic Cloud
 16357 | Lair:1   | Received a gift from Sif Muna
 16362 | Lair:1   | Got Sif Muna's Codex of Sweltering Exhalation {god gift}
 16502 | Lair:2   | Reached XP level 13. HP: 92/92 MP: 20/20
 17860 | Lair:3   | Reached skill level 11 in Fighting
 18126 | Lair:3   | Found a staircase to the Snake Pit.
 18988 | Lair:3   | Found a staircase to the Shoals.
 19104 | Lair:3   | Reached skill level 12 in Fighting
 19691 | Lair:4   | Slain by a seven-headed hydra

Illustrated notes

Levels and vault maps discovered:
D:1:      lemuel_arrival_hallway, layout_basic, serial_shops, shop
D:2:      layout_basic, serial_shops, shop, basic_ecumenical_altar,
          minmay_misc_feat_x
D:3:      layout_loops_corners, mainiacjoe_overflow_catwalk,
          lemuel_coloured_pillars_altar, kennysheep_slug_shrine,
          corexii_leaking_fountain, uniq_ijyb
D:4:      layout_gridville, serial_shops, nicolae_take_the_stairs
D:5:      layout_loops_ring, gammafunk_temple_overflow_pools,
          minmay_temple_entry_slanted, enter_ossuary_2, serial_shops,
          nicolae_shop_overgrown_old_shop, roderic_lattice_a,
          minmay_misc_feat_diagonals, uniq_eustachio, uniq_sigmund, uniq_pikel
D:6:      minmay_spotlight, layout_rooms, nzn_hepliaklqana_mist_gate,
          mainiacjoe_overflow_24_doors, kennysheep_mini_moat,
          nrook_mini_backslash, uniq_blork_the_orc, uniq_edmund
D:7:      layout_basic, nicolae_overflow_hidden_temple, chequers_hall_statues_y,
          reono_crystal_passage
D:8:      layout_loops_ring, makhleb_altar_promises_db, lair_entry_dummy,
          nicolae_shop_sticking_my_neck_out
D:9:      minmay_the_grid_four_pointed_star
          [minmay_the_grid_triangle_9x9_longest,
          minmay_the_grid_triangle_9x9_corrupted_corridor,
          minmay_the_grid_triangle_9x9_skeleton,
          minmay_the_grid_triangle_9x9_windchime,
          minmay_the_grid_prize_four_corners_diamond_b], layout_stronghold,
          lemuel_round_altar, minmay_quadrilaterals
D:10:     layout_roguey, enter_bailey_5
Lair:1:   layout_roguey, grunt_megastairs_3, uniq_sonja, uniq_grum,
          uniq_nergalle
Lair:2:   layout_roguey, hibernation_bobbens, grunt_megastairs_5
Lair:3:   layout_cave_pods, minmay_shoals_entry_hut,
          guppyfry_snake_entry_garden, roderic_batcave
Lair:4:   layout_regular_city, nicolae_volcano_entry_hallway

Skill      XL: |  1  2  3  4  5  6  7  8  9 10 11 12 13 |
---------------+----------------------------------------+-----
Stealth        | 2 |  2.0
Translocations | 2 |  2.0
Long Blades    | 4 5 |  5.6
Conjurations   | 4 5 6 7 |  7.0
Ice Magic      | 3 4 5 |  5.0
Fighting       | 3 4 8 10 12 | 12.0
Spellcasting   | 3 4 5 |  5.0
Short Blades   | 4 5 7 9 |  9.2
Invocations    | 4 6 8 |  8.0
Dodging        | 3 4 6 8 |  8.4
Evocations     | 4 |  4.0
Earth Magic    | 4 7 |  7.0

Action                     |  1- 3 |  4- 6 |  7- 9 | 10-12 | 13-15 || total
---------------------------+-------+-------+-------+-------+-------++-------
  Melee: Falchion          |    36 |    46 |    42 |       |       ||   124
         Constrict         |    10 |    11 |    23 |    17 |     9 ||    70
         Tentacles         |     6 |    10 |    24 |    51 |    40 ||   131
         Punch             |     2 |       |     2 |     4 |       ||     8
         Long sword        |       |     3 |       |       |       ||     3
         Rapier            |       |       |    42 |   141 |   106 ||   289
         Staff             |       |       |    12 |    50 |    14 ||    76
  Throw: Dart              |       |       |    14 |    19 |     1 ||    34
   Cast: Momentum Strike   |    16 |    45 |    52 |       |       ||   113
         Hailstorm         |       |     6 |    54 |    21 |     5 ||    86
         Stone Arrow       |       |       |     7 |   247 |   103 ||   357
         Kiss of Death     |       |       |       |     1 |       ||     1
         Mephitic Cloud    |       |       |       |     2 |     2 ||     4
 Invoke: Channel Magic     |       |       |     1 |     5 |       ||     6
  Evoke: Wand              |       |       |       |     3 |       ||     3
    Use: Scroll            |       |     9 |     7 |     3 |     3 ||    22
         Potion            |       |       |     3 |     2 |       ||     5
   Stab: Sleeping          |     2 |     2 |     3 |     2 |     2 ||    11
         Invisible         |       |       |     1 |       |       ||     1
         Confused          |       |       |       |     1 |     3 ||     4
         Distracted        |       |       |       |     1 |       ||     1
 Armour: Skin              |     3 |    14 |    32 |    82 |    23 ||   154
  Dodge: Dodged            |    29 |    29 |    70 |   160 |    83 ||   371

Table legend: (Time is in decaauts)
 A = Elapsed time spent in this place.
 B = Non-inter-level travel time spent in this place.
 C = Inter-level travel time spent in this place.
 D = Time resting spent in this place.
 E = Time spent auto-exploring this place.
 F = Levels seen in this place.
 G = Mean time per level.
                   A        B        C        D        E       F      G
               +--------+--------+--------+--------+--------+-----+--------+
         Total |  19635 |  19075 |    560 |   8203 |   7374 |  16 | 1227.2 |
       Dungeon |  11592 |  11185 |    407 |   3662 |   5488 |  10 | 1159.2 |
          Lair |   6572 |   6419 |    153 |   3578 |   1886 |   4 | 1643.0 |
       Ossuary |    598 |    598 |      0 |    338 |      0 |   1 |  598.0 |
        Bailey |    872 |    872 |      0 |    625 |      0 |   1 |  872.0 |
               +--------+--------+--------+--------+--------+-----+--------+

Top non-repeatable levels by time:
  Lair:1: 2866 daAuts
  Lair:3: 2078 daAuts
     D:9: 1613 daAuts
  Lair:2: 1596 daAuts
     D:5: 1410 daAuts
     D:2: 1316 daAuts
     D:4: 1293 daAuts
     D:8: 1238 daAuts
     D:3: 1115 daAuts
     D:7: 1000 daAuts
     D:6: 950 daAuts
  Bailey: 872 daAuts
     D:1: 851 daAuts
    D:10: 802 daAuts
 Ossuary: 598 daAuts
